 Dungeon Sprint DCSS version 0.27-a0-78-g75406f0b48 (webtiles) character file.

Game seed: 15523088808523168934

25 mhtbhm the Digger (level 2, -2/15 HPs)
             Began as a Deep Elf Earth Elementalist on Jan 14, 2021.
             Slain by a scorpion (8 damage)
             ... in the Dungeon (Sprint III: "The Ten Rune Challenge").
             The game lasted 00:00:36 (279 turns).

mhtbhm the Digger (Deep Elf Earth Elementalist)      Turns: 279, Time: 00:00:37

Health: -2/15      AC:  2    Str:  5    XL:     2   Next: 82%
Magic:  1/9        EV: 13    Int: 19    God:
Gold:   0          SH:  0    Dex: 15    Spells: 8/9 levels left

rFire    . . .     SeeInvis .   (no weapon)
rCold    . . .     Faith    .   (no shield)
rNeg     . . .     Spirit   .   c - +0 robe
rPois    .         Reflect  .   (no helmet)
rElec    .         Harm     .   (no cloak)
rCorr    .         Rampage  .   (no gloves)
Will     .....     NoTele   +   (no boots)
Stlth    ++........             (no amulet)
HPRegen  0.05/turn              (no ring)
MPRegen  0.11/turn              (no ring)

@: no status effects
A: no striking features
a: no special abilities


You were in the Dungeon.
You visited 1 branch

Inventory:

Missiles
 b - 10 stones
Armour
 c - a +0 robe (worn)
Scrolls
 a - a scroll of identify {unknown}
 i - a scroll of blinking
Potions
 e - a potion of heal wounds
 f - a potion of haste
 g - 2 potions of magic
 h - a potion of berserk rage
 j - a potion of attraction {unknown}


   Skills:
 + Level 3.3 Dodging
 + Level 3.1 Stealth
 + Level 4.4 Spellcasting
 + Level 1.2 Transmutations
 + Level 5.9 Earth Magic


You had 8 spell levels left.
You knew the following spells:

 Your Spells              Type           Power        Failure   Level
a - Sandblast             Erth           52%          1%          1

Your spell library contained the following spells:

 Spells                   Type           Power        Failure   Level
 Passwall                 Tmut/Erth      14%          4%          2
 Stone Arrow              Conj/Erth      30%          12%         3
 Petrify                  Tmut/Erth      17%          30%         4
 Lee's Rapid Deconstruct  Erth           13%          32%         5


Dungeon Overview and Level Annotations

Branches:
Dungeon (1/1)

Altars:


Message History

Aiming: Sandblast (safe; 1% risk of failure)
Press: ? - help, Shift-Dir - straight line, f/p - scorpion
Aim: a scorpion (heavily wounded, 19% to evade)
The blast of sand misses the scorpion.
* * * LOW HITPOINT WARNING * * *
You feel sick. The scorpion barely misses you.
Unknown command.
Unknown command.
You feel better. The scorpion stings you!
Unknown command.
Casting: Sandblast (safe; 1% risk of failure)
Confirm with . or Enter, or press ? or * to list all spells.
Aiming: Sandblast (safe; 1% risk of failure)
Press: ? - help, Shift-Dir - straight line, f/p - scorpion
Aim: a scorpion (heavily wounded, 19% to evade)
The blast of sand hits the scorpion!
The scorpion is almost dead.
The scorpion stings you!
Ouch! That really hurt!
You die...

▓▓▓▓ ▓▓▓▓▓▓▓ ▓<.#
+.....♣♣ ▓..#
#......
▓#'####....♣♣
▓.....#....≈♣♣♣♣
▓.....#s..≈≈♣...♣
▓.....#@.≈≈≈≈♣...
▓####'#..≈≈≈≈≈≈♣♣.
▓.....#.≈≈≈≈≈≈....
▓.....#.≈≈≈≈≈.....
▓.....#.≈≈≈.......
▓'#####...........
▓.................
▓▓▓▓▓▓▓▓▓▓▓▓▓▓▓▓▓▓


You could see a scorpion.

Vanquished Creatures
  A human (D)
  An ooze (D)
  3 rats (D)
5 creatures vanquished.

Notes
Turn   | Place    | Note
-------+----------+-------------------------------------------
     0 | D        | mhtbhm the Deep Elf Earth Elementalist began the quest for
                  | the Orb.
     0 | D        | Reached XP level 1. HP: 10/10 MP: 6/6
     4 | D        | Reached skill level 4 in Earth Magic
    80 | D        | Reached skill level 5 in Earth Magic
    80 | D        | Reached XP level 2. HP: 9/15 MP: 0/9
   266 | D        | Noticed a scorpion
   279 | D        | Slain by a scorpion

Illustrated notes

Levels and vault maps discovered:
D:        dungeon_sprint_mu [sprint_mu_entry_forest, sprint_mu_temple_rooms,
          sprint_mu_d1_spiders, sprint_mu_d2_genie, sprint_mu_d3_branching,
          sprint_mu_orc_legion, sprint_mu_elf_gauntlet, sprint_mu_hive_nellie,
          sprint_mu_lair_fedhas, sprint_mu_vaults_butterflies,
          sprint_mu_slime_circle, sprint_mu_swamp_cave, sprint_mu_snake_twists,
          sprint_mu_blade_basic, sprint_mu_crypt_chambers,
          sprint_mu_tomb_spiral, sprint_mu_vestibule_basic,
          sprint_mu_gehenna_hellfire, sprint_mu_dis_giant,
          sprint_mu_tartarus_statrot, sprint_mu_cocytus_islands, sprint_mu_zot1]

Skill      XL: |  1 |
---------------+----+-----
Earth Magic    | 5 |  5.9
Dodging        | 3 |  3.3
Stealth        | 3 |  3.1
Spellcasting   | 4 |  4.4
Transmutations | |  1.2

Action                   || total
-------------------------++-------
 Cast: Sandblast         ||    20
  Use: Potion            ||     1
Dodge: Dodged            ||     7

Table legend: (Time is in decaauts)
 A = Elapsed time spent in this place.
 B = Non-inter-level travel time spent in this place.
 C = Inter-level travel time spent in this place.
 D = Time resting spent in this place.
 E = Time spent auto-exploring this place.
 F = Levels seen in this place.
 G = Mean time per level.
                   A        B        C        D        E       F      G
               +--------+--------+--------+--------+--------+-----+--------+
         Total |    279 |    279 |      0 |    218 |      1 |   1 |  279.0 |
       Dungeon |    279 |    279 |      0 |    218 |      1 |   1 |  279.0 |
               +--------+--------+--------+--------+--------+-----+--------+

Top non-repeatable levels by time:
       D: 279 daAuts
